[ AOE2 MATCH · #506110473 ]
UnrankedAztecs vs Bengalis
Player's team · WIN
Rival team · LOSS
[ REPLAY ANALYSIS · EXTRACTED FROM THE RECORDED GAME ]
Feudal
8:55
Castle
24:58
Imperial
—
| APM avg | 86.3 |
| APM peak | 131 |
| eAPM avg | 34.4 |
| Villagers / military | 68 / 85 |
Focus
⚔️ 44.3% · 🌾 55.7%
Skirmisher ×43 · Eagle Scout ×21 · Archer ×13 · Monk ×4 · Militia ×4
Feudal
9:13
Castle
26:15
Imperial
—
| APM avg | 71.0 |
| APM peak | 118 |
| eAPM avg | 23.4 |
| Villagers / military | 52 / 69 |
Focus
⚔️ 39.3% · 🌾 60.7%
Archer ×28 · Skirmisher ×25 · Militia ×16
Match map
Initial resources + every placement click. Lines = walls · curves = elevation contours. ◆ gold · ⬟ stone · ● berries · ✦ relic · ◌ wall gap
Your base· Open — 3t gap
_Riley_'s base· Open — 4t gap
Smoothed initial terrain · ◌ = detected wall gap · hover for details
Inputs per minute
— AOKI_Nyusika - - _Riley_
Build order — AOKI_Nyusika
First 150 of 268 actions detected
| 0:00 | Create | Villager (Male) |
| 0:00 | Create | Villager (Male) |
| 0:00 | Create | Villager (Male) |
| 0:02 | Build | House |
| 0:02 | Build | House |
| 0:15 | Create | Villager (Male) |
| 1:21 | Create | Villager (Male) |
| 1:50 | Build | Lumber Camp |
| 1:54 | Create | Villager (Male) |
| 2:05 | Create | Villager (Male) |
| 2:39 | Create | Villager (Male) |
| 2:39 | Create | Villager (Male) |
| 2:56 | Research | Loom |
| 3:03 | Create | Villager (Male) |
| 3:33 | Create | Villager (Male) |
| 3:49 | Build | House |
| 3:52 | Build | House |
| 3:55 | Create | Villager (Male) |
| 3:55 | Create | Villager (Male) |
| 4:16 | Create | Villager (Male) |
| 4:28 | Create | Villager (Male) |
| 5:14 | Build | Barracks |
| 5:16 | Create | Villager (Male) |
| 5:20 | Research | Loom |
| 5:35 | Build | Palisade Wall |
| 6:45 | Research | Feudal Age |
| 6:45 | Research | Feudal Age |
| 7:14 | Create | Militia |
| 7:15 | Create | Militia |
| 7:20 | Build | Mill |
| 7:32 | Create | Militia |
| 7:41 | Build | House |
| 7:52 | Create | Militia |
| 8:13 | Create | Villager (Male) |
| 8:55 | Age | Feudal Age |
| 8:56 | Build | Archery Range |
| 8:57 | Research | Double-Bit Axe |
| 9:02 | Research | Double-Bit Axe |
| 9:05 | Create | Villager (Male) |
| 9:25 | Build | Palisade Wall |
| 9:26 | Build | Palisade Wall |
| 9:26 | Build | Palisade Wall |
| 9:32 | Build | Palisade Wall |
| 9:32 | Build | Palisade Wall |
| 9:33 | Build | Palisade Wall |
| 9:34 | Build | Palisade Wall |
| 9:34 | Build | Palisade Wall |
| 9:46 | Create | Villager (Male) |
| 10:01 | Create | Villager (Male) |
| 10:05 | Build | House |
| 10:06 | Build | Palisade Wall |
| 10:12 | Build | Mining Camp |
| 10:17 | Build | Mining Camp |
| 10:20 | Create | Villager (Male) |
| 10:26 | Build | Palisade Wall |
| 10:29 | Build | Palisade Wall |
| 10:34 | Create | Archer |
| 10:45 | Build | Palisade Wall |
| 10:47 | Build | Palisade Wall |
| 10:53 | Build | Archery Range |
| 10:57 | Create | Villager (Male) |
| 11:10 | Create | Skirmisher |
| 11:21 | Build | Farm |
| 11:24 | Create | Villager (Male) |
| 11:47 | Create | Villager (Male) |
| 11:47 | Create | Villager (Male) |
| 11:49 | Create | Archer |
| 11:49 | Create | Archer |
| 11:57 | Build | House |
| 11:59 | Build | Palisade Wall |
| 12:04 | Build | Farm |
| 12:10 | Create | Villager (Male) |
| 12:13 | Create | Skirmisher |
| 12:25 | Create | Skirmisher |
| 12:47 | Build | Farm |
| 12:48 | Build | Farm |
| 13:00 | Build | Palisade Wall |
| 13:02 | Create | Villager (Male) |
| 13:03 | Create | Skirmisher |
| 13:05 | Create | Archer |
| 13:18 | Build | Farm |
| 13:31 | Create | Villager (Male) |
| 13:33 | Create | Archer |
| 13:39 | Create | Skirmisher |
| 13:41 | Create | Villager (Male) |
| 13:45 | Build | House |
| 14:15 | Build | Farm |
| 14:16 | Build | Farm |
| 14:17 | Build | Farm |
| 14:18 | Create | Villager (Male) |
| 14:19 | Create | Archer |
| 14:24 | Create | Skirmisher |
| 14:32 | Create | Villager (Male) |
| 14:52 | Create | Villager (Male) |
| 14:59 | Build | Blacksmith |
| 15:03 | Build | House |
| 15:14 | Create | Villager (Male) |
| 15:21 | Build | Palisade Wall |
| 15:22 | Build | Palisade Wall |
| 15:23 | Create | Archer |
| 15:23 | Create | Archer |
| 15:30 | Build | Palisade Wall |
| 15:46 | Research | Fletching |
| 15:46 | Research | Padded Archer Armor |
| 16:02 | Create | Villager (Male) |
| 16:11 | Create | Skirmisher |
| 16:13 | Create | Villager (Male) |
| 16:18 | Build | Farm |
| 16:19 | Build | Farm |
| 16:44 | Create | Villager (Male) |
| 16:45 | Create | Archer |
| 16:46 | Create | Archer |
| 16:56 | Build | Palisade Wall |
| 17:01 | Create | Archer |
| 17:02 | Create | Villager (Male) |
| 17:20 | Create | Villager (Male) |
| 17:25 | Create | Archer |
| 17:31 | Create | Skirmisher |
| 17:40 | Build | Market |
| 17:50 | Create | Skirmisher |
| 17:56 | Create | Villager (Male) |
| 18:00 | Build | House |
| 18:01 | Build | House |
| 18:11 | Create | Skirmisher |
| 18:19 | Create | Villager (Male) |
| 18:33 | Create | Skirmisher |
| 18:36 | Create | Villager (Male) |
| 18:40 | Build | Farm |
| 18:45 | Build | House |
| 18:49 | Create | Skirmisher |
| 18:49 | Create | Skirmisher |
| 19:12 | Create | Skirmisher |
| 19:14 | Create | Villager (Male) |
| 19:18 | Build | Farm |
| 19:20 | Create | Skirmisher |
| 19:30 | Create | Villager (Male) |
| 19:42 | Create | Skirmisher |
| 19:47 | Build | House |
| 19:50 | Create | Villager (Male) |
| 19:51 | Build | Farm |
| 19:51 | Build | Farm |
| 19:58 | Create | Eagle Scout |
| 20:02 | Create | Eagle Scout |
| 20:08 | Research | Scale Mail Armor |
| 20:19 | Build | House |
| 20:20 | Build | House |
| 20:23 | Create | Villager (Male) |
| 20:25 | Create | Skirmisher |
| 20:26 | Create | Skirmisher |
| 20:54 | Create | Villager (Male) |
Build order — _Riley_
First 150 of 191 actions detected
| 0:00 | Create | Villager (Male) |
| 0:00 | Create | Villager (Male) |
| 0:01 | Create | Villager (Male) |
| 0:02 | Build | House |
| 0:02 | Build | House |
| 0:06 | Create | Villager (Male) |
| 1:29 | Create | Villager (Male) |
| 1:30 | Create | Villager (Male) |
| 1:52 | Build | Lumber Camp |
| 2:03 | Create | Villager (Male) |
| 2:25 | Create | Villager (Male) |
| 2:25 | Create | Villager (Male) |
| 2:53 | Create | Villager (Male) |
| 3:25 | Create | Villager (Male) |
| 3:30 | Build | House |
| 3:46 | Create | Villager (Male) |
| 4:04 | Create | Villager (Male) |
| 4:25 | Create | Villager (Male) |
| 4:44 | Create | Villager (Male) |
| 4:51 | Create | Villager (Male) |
| 5:08 | Build | Barracks |
| 5:19 | Create | Villager (Male) |
| 5:21 | Research | Loom |
| 5:39 | Build | House |
| 6:34 | Build | Mining Camp |
| 7:03 | Research | Feudal Age |
| 7:13 | Build | Palisade Wall |
| 7:28 | Build | Palisade Wall |
| 7:35 | Create | Militia |
| 7:51 | Create | Militia |
| 8:06 | Build | Palisade Wall |
| 8:17 | Create | Militia |
| 8:26 | Build | House |
| 9:08 | Create | Villager (Male) |
| 9:13 | Age | Feudal Age |
| 9:24 | Build | Archery Range |
| 9:40 | Research | Man-at-Arms (upgrade) |
| 10:03 | Build | Mill |
| 10:08 | Create | Archer |
| 10:12 | Build | House |
| 10:13 | Create | Villager (Male) |
| 10:26 | Create | Archer |
| 10:29 | Build | Palisade Wall |
| 10:30 | Build | Palisade Wall |
| 10:31 | Build | Palisade Wall |
| 10:57 | Create | Villager (Male) |
| 11:08 | Create | Archer |
| 11:12 | Build | Archery Range |
| 11:28 | Create | Villager (Male) |
| 11:34 | Build | Blacksmith |
| 11:35 | Build | House |
| 11:39 | Create | Archer |
| 11:55 | Create | Archer |
| 12:06 | Create | Villager (Male) |
| 12:13 | Build | Farm |
| 12:26 | Create | Villager (Male) |
| 12:47 | Build | Farm |
| 12:48 | Build | Farm |
| 12:49 | Build | Farm |
| 12:59 | Create | Archer |
| 13:01 | Create | Villager (Male) |
| 13:08 | Build | House |
| 13:08 | Build | House |
| 13:27 | Create | Skirmisher |
| 13:33 | Build | Farm |
| 13:38 | Create | Villager (Male) |
| 14:03 | Create | Archer |
| 14:03 | Create | Archer |
| 14:16 | Build | Farm |
| 14:18 | Create | Villager (Male) |
| 14:34 | Build | House |
| 14:41 | Build | Lumber Camp |
| 14:47 | Create | Archer |
| 15:02 | Research | Fletching |
| 15:03 | Create | Skirmisher |
| 15:06 | Build | Farm |
| 15:18 | Create | Villager (Male) |
| 15:22 | Build | House |
| 15:26 | Create | Skirmisher |
| 15:50 | Create | Villager (Male) |
| 15:51 | Create | Skirmisher |
| 16:08 | Create | Skirmisher |
| 16:10 | Create | Villager (Male) |
| 16:18 | Create | Skirmisher |
| 16:32 | Build | Farm |
| 16:33 | Build | Farm |
| 16:44 | Create | Skirmisher |
| 16:49 | Research | Padded Archer Armor |
| 16:51 | Build | Farm |
| 16:52 | Build | Farm |
| 17:14 | Create | Skirmisher |
| 17:24 | Create | Villager (Male) |
| 17:25 | Create | Skirmisher |
| 17:31 | Build | Farm |
| 17:32 | Create | Skirmisher |
| 17:42 | Create | Villager (Male) |
| 17:45 | Build | Farm |
| 17:46 | Build | Farm |
| 17:47 | Create | Skirmisher |
| 18:01 | Create | Villager (Male) |
| 18:03 | Build | Farm |
| 18:07 | Build | House |
| 18:16 | Create | Skirmisher |
| 18:25 | Research | Double-Bit Axe |
| 18:36 | Create | Skirmisher |
| 18:37 | Create | Villager (Male) |
| 18:47 | Create | Archer |
| 18:50 | Create | Archer |
| 18:58 | Create | Archer |
| 19:16 | Create | Skirmisher |
| 19:16 | Create | Skirmisher |
| 19:31 | Create | Villager (Male) |
| 19:32 | Create | Skirmisher |
| 19:43 | Create | Villager (Male) |
| 20:05 | Create | Villager (Male) |
| 20:10 | Create | Skirmisher |
| 20:10 | Create | Skirmisher |
| 20:23 | Build | Farm |
| 20:24 | Create | Villager (Male) |
| 20:27 | Build | House |
| 20:49 | Create | Archer |
| 20:49 | Create | Archer |
| 21:19 | Create | Villager (Male) |
| 21:22 | Create | Skirmisher |
| 21:37 | Build | Market |
| 21:55 | Create | Skirmisher |
| 21:58 | Create | Skirmisher |
| 22:06 | Create | Villager (Male) |
| 22:20 | Create | Skirmisher |
| 22:44 | Create | Villager (Male) |
| 23:35 | Research | Castle Age |
| 23:35 | Research | Castle Age |
| 23:36 | Create | Archer |
| 23:51 | Build | Farm |
| 23:58 | Build | House |
| 24:02 | Create | Archer |
| 24:10 | Create | Archer |
| 24:25 | Create | Militia |
| 24:25 | Create | Militia |
| 24:31 | Build | Farm |
| 24:43 | Create | Archer |
| 24:43 | Create | Archer |
| 24:48 | Create | Militia |
| 24:59 | Research | Horse Collar |
| 25:11 | Research | Scale Mail Armor |
| 25:12 | Create | Militia |
| 25:31 | Build | Lumber Camp |
| 25:36 | Create | Militia |
| 25:54 | Create | Villager (Male) |
| 26:00 | Build | House |
Match timeline
| 5:08 | _Riley_ · first_building Barracks |
| 5:14 | AOKI_Nyusika · first_building Barracks |
| 5:35 | AOKI_Nyusika · wall_segment Palisade Wall x6 |
| 7:13 | _Riley_ · wall_segment Palisade Wall x6 |
| 7:28 | _Riley_ · wall_segment Palisade Wall x7 |
| 8:06 | _Riley_ · wall_segment Palisade Wall x3 |
| 8:55 | AOKI_Nyusika · age_up feudal |
| 8:56 | AOKI_Nyusika · first_building Archery Range |
| 9:13 | _Riley_ · age_up feudal |
| 9:24 | _Riley_ · first_building Archery Range |
| 9:25 | AOKI_Nyusika · wall_segment Palisade Wall x1 |
| 9:26 | AOKI_Nyusika · wall_segment Palisade Wall x1 |
| 9:26 | AOKI_Nyusika · wall_segment Palisade Wall x1 |
| 9:32 | AOKI_Nyusika · wall_segment Palisade Wall x1 |
| 9:32 | AOKI_Nyusika · wall_segment Palisade Wall x1 |
| 9:33 | AOKI_Nyusika · wall_segment Palisade Wall x1 |
| 9:34 | AOKI_Nyusika · wall_segment Palisade Wall x1 |
| 9:34 | AOKI_Nyusika · wall_segment Palisade Wall x1 |
| 10:06 | AOKI_Nyusika · wall_segment Palisade Wall x1 |
| 10:26 | AOKI_Nyusika · wall_segment Palisade Wall x1 |
| 10:29 | AOKI_Nyusika · wall_segment Palisade Wall x1 |
| 10:29 | _Riley_ · wall_segment Palisade Wall x1 |
| 10:30 | _Riley_ · wall_segment Palisade Wall x1 |
| 10:31 | _Riley_ · wall_segment Palisade Wall x1 |
| 10:45 | AOKI_Nyusika · wall_segment Palisade Wall x1 |
| 10:47 | AOKI_Nyusika · wall_segment Palisade Wall x1 |
| 11:59 | AOKI_Nyusika · wall_segment Palisade Wall x4 |
| 13:00 | AOKI_Nyusika · wall_segment Palisade Wall x1 |
| 15:21 | AOKI_Nyusika · wall_segment Palisade Wall x3 |
| 15:22 | AOKI_Nyusika · wall_segment Palisade Wall x3 |
| 15:30 | AOKI_Nyusika · wall_segment Palisade Wall x5 |
| 16:56 | AOKI_Nyusika · wall_segment Palisade Wall x1 |
| 18:47 | AOKI_Nyusika · first_market_sell 100 stone |
| 18:48 | AOKI_Nyusika · first_market_buy 100 food |
| 22:40 | _Riley_ · first_market_buy 100 food |
| 23:14 | _Riley_ · first_market_sell 100 wood |
| 24:58 | AOKI_Nyusika · age_up castle |
| 26:15 | _Riley_ · age_up castle |
| 27:55 | AOKI_Nyusika · first_building Monastery |
| 28:02 | _Riley_ · wall_segment Palisade Wall x1 |
| 31:12 | _Riley_ · resign |
[ AI ANALYSIS · 1 CREDIT ]
What really happened in this match?
Wolo.gg analyzes every decision: build order, eco, micro, common mistakes by bracket. Personalized analysis on WhatsApp or Discord in 30 seconds.
Civ guide
Aztecs
Perfil
Jugador #1853539